 Dungeon Crawl Stone Soup version 0.27.1-33-g824d729ab1 (webtiles) character file.

Game seed: 14189923191834762669

63293 austinbyrn the Peltast (level 15, 0/96 HPs)
             Began as a Gargoyle Fighter on Dec 11, 2021.
             Was the Champion of Okawaru.
             Slain by a wolf spider simulacrum (25 damage)
             ... on level 12 of the Dungeon.
             The game lasted 00:50:38 (22531 turns).

austinbyrn the Peltast (Gargoyle Fighter)          Turns: 22531, Time: 00:50:39

Health: 0/96       AC: 32    Str: 33    XL:     15   Next: 9%
Magic:  0/22       EV: 17    Int: 10    God:    Okawaru [******]
Gold:   1087       SH: 17    Dex:  9    Spells: 14/14 levels left

rFire    + . .     SeeInvis +   x - +5 morningstar (drain)
rCold    . . .     Faith    .   c - +0 kite shield
rNeg     + . .     Spirit   +   q - +2 ring mail {rF+}
rPois    ∞         Reflect  .   s - +1 helmet {SInv}
rElec    +         Harm     .   j - +0 cloak
rCorr    .         Rampage  .   A - +1 pair of gloves {Stlth+}
Will     ++...                  a - +2 pair of boots
Stlth    +++.......             g - amulet of guardian spirit
HPRegen  0.26/turn              z - +6 ring of strength
MPRegen  0.18/turn              D - +4 ring of evasion

@: heroic, finesse-ful, flying
A: sickness immunity, AC +11, big wings, negative energy resistance 1,
electricity resistance, torment resistance 1, petrification resistance,
strong-willed 1, strong 1
a: Renounce Religion, Heroism, Finesse


You were on level 12 of the Dungeon.
You worshipped Okawaru.
Okawaru was exalted by your worship.
You visited 4 branches of the dungeon, and saw 20 of its levels.

You collected 1381 gold pieces.
You spent 294 gold pieces at shops.

Inventory:

Hand Weapons
 x - a +5 morningstar of draining (weapon)
Missiles
 h - 2 throwing nets
 n - 39 poisoned darts (quivered)
 y - 6 datura-tipped darts
 B - 6 javelins
Armour
 a - a +2 pair of boots (worn)
 c - a +0 kite shield (worn)
 j - a +0 cloak (worn)
 q - a +2 ring mail of fire resistance (worn)
 s - a +1 helmet of see invisible (worn)
 A - a +1 pair of gloves of stealth (worn)
Jewellery
 d - a +6 ring of dexterity
 g - an amulet of guardian spirit (around neck)
 m - a ring of see invisible
 v - a +6 ring of intelligence
 z - a +6 ring of strength (left hand)
 D - a +4 ring of evasion (right hand)
 L - a +6 ring of strength
 M - a ring of willpower
Wands
 o - a wand of iceblast (46)
 p - a wand of acid (17)
 t - a wand of mindburst (10)
 u - a wand of polymorph (33)
 F - a wand of flame (24)
 Q - a wand of paralysis (18)
Scrolls
 b - a scroll of amnesia
 e - 17 scrolls of identify
 f - 8 scrolls of teleportation
 w - 3 scrolls of fog
 C - 2 scrolls of blinking
 G - a scroll of enchant weapon
 H - 2 scrolls of brand weapon
 I - a scroll of holy word
 O - 2 scrolls of fear {unknown}
 S - 2 scrolls of magic mapping {unknown}
 T - a scroll of enchant armour {unknown}
 U - a scroll of silence
Potions
 i - 5 potions of lignification
 k - 2 potions of heal wounds
 l - a potion of flight
 r - 2 potions of curing
 E - 3 potions of resistance
 J - a potion of brilliance
 K - 2 potions of berserk rage
 N - a potion of haste {unknown}
 P - a potion of ambrosia {unknown}
 R - a potion of mutation
 V - a potion of attraction {unknown}


   Skills:
 * Level 11.9(16.9) Fighting
 * Level 14.3(19.3) Maces & Flails
 + Level 10.7(15.7) Armour
 + Level 1.3(6.3) Dodging
 - Level 15.2(20.2) Shields
 + Level 9.9 Invocations


You had 14 spell levels left.
You didn't know any spells.
Your spell library contained the following spells:

 Spells                   Type           Power      Damage    Failure   Level
 Animate Skeleton         Necr           0%         N/A       43%         1
 Magic Dart               Conj           0%         1d3       43%         1
 Pain                     Necr           0%         1d4       43%         1
 Shock                    Conj/Air       0%         1d3       43%         1
 Blink                    Tloc           N/A        N/A       56%         2
 Searing Ray              Conj           0%         3d3       56%         2
 Slow                     Hex            0%         N/A       56%         2
 Wereblood                Tmut           0%         N/A       56%         2
 Confusing Touch          Hex            0%         N/A       80%         3
 Gell's Gravitas          Tloc           0%         N/A       80%         3
 Lesser Beckoning         Tloc           0%         N/A       80%         3
 Portal Projectile        Hex/Tloc       0%         N/A       80%         3
 Swiftness                Air            0%         N/A       80%         3
 Teleport Other           Tloc           0%         N/A       80%         3
 Vampiric Draining        Necr           0%         2d6       80%         3
 Airstrike                Air            0%         N/A       99%         4
 Fulminant Prism          Conj/Hex       0%         3d6       99%         4
 Hailstorm                Conj/Ice       0%         3d3       99%         4
 Ice Form                 Ice/Tmut       0%         N/A       99%         4
 Petrify                  Tmut/Erth      0%         N/A       99%         4
 Blade Hands              Tmut           0%         N/A       100%        5
 Excruciating Wounds      Necr           0%         N/A       100%        5
 Irradiate                Conj/Tmut      0%         3d13      100%        5
 Manifold Assault         Tloc           0%         N/A       100%        5
 Metabolic Englaciation   Hex/Ice        0%         N/A       100%        5
 Summon Forest            Summ/Tloc      0%         N/A       100%        5
 Summon Mana Viper        Hex/Summ       0%         N/A       100%        5
 Shadow Creatures         Summ           N/A        N/A       100%        6
 Simulacrum               Ice/Necr       0%         N/A       100%        6
 Storm Form               Tmut/Air       0%         N/A       100%        7
 Summon Hydra             Summ           0%         N/A       100%        7
 Sublimation of Blood     Necr           Unusable   N/A       N/A         2
 Statue Form              Tmut/Erth      Unusable   N/A       N/A         6

Dungeon Overview and Level Annotations

Branches:
Dungeon (12/15)            Temple (0/1) D:7            Lair (6/6) D:8
 Shoals (0/4) Lair:4       Spider (1/4) Lair:2        Slime (1/5) Lair:5
    Orc (0/2) D:12

Altars:
Dithmenos
Elyvilon
Kikubaaqudgha
Okawaru
Wu Jian
Xom
Yredelemnul
Jiyva

Shops:
D:1 [   D:4 ?   D:6 [:((   D:9 !   D:11 ?   D:12 *


Innate Abilities, Weirdness & Mutations

You are immune to sickness and miasma.
Your stone body is resilient. (AC +11)
You are immune to poison.
Your large and strong wings let you fly.
You resist negative energy. (rN+)
You are resistant to electric shocks. (rElec)
You are resistant to unholy torment.
You are immune to petrification.
You are strong-willed. (Will+)
Your muscles are strong. (Str +2)


Message History

You hit the spectral centaur warrior but do no damage.
The spectral centaur warrior is severely damaged.
You block the spectral meliai's attack. The spectral meliai barely misses you.
You block the spectral centaur warrior's attack.
The spectral centaur warrior completely misses you.
You impale the spectral centaur warrior!!
You destroy the spectral centaur warrior!
Okawaru accepts your kill.
You block the wolf spider simulacrum's attack.
The wolf spider simulacrum closely misses you.
The spectral meliai hits you but does no damage.
You block the spectral meliai's attack.
You barely miss the spectral meliai. You closely miss the spectral meliai.
The spectral meliai hits you but does no damage. x2
The wolf spider simulacrum misses you.
The wolf spider simulacrum closely misses you.
You completely miss the spectral meliai.
The wolf spider simulacrum closely misses you.
The wolf spider simulacrum bites you but does no damage.
You block the spectral meliai's attack.
The spectral meliai hits you but does no damage.
You bludgeon the spectral meliai!!
The spectral meliai is heavily damaged.
You block the wolf spider simulacrum's attack.
The wolf spider simulacrum bites you but does no damage.
You impale the spectral meliai!!
You destroy the spectral meliai!
Okawaru accepts your kill.
The wolf spider simulacrum completely misses you.
You block the wolf spider simulacrum's attack.
You bludgeon the wolf spider simulacrum!!
The wolf spider simulacrum is almost destroyed.
You block the wolf spider simulacrum's attack. x2
You completely miss the wolf spider simulacrum.
The wolf spider simulacrum is almost destroyed.
The wolf spider simulacrum misses you. The wolf spider simulacrum bites you.
* * * LOW HITPOINT WARNING * * *
The wolf spider simulacrum freezes you!!
You die...

#.....## #........#
.......#
#########......########
.......#
#.!#.#..###.....#.....#
.......#
##.[![.###.............
#.....##
#.......#.[............
##...##
##.....##..............
#####
#.......#..............
###''Z###..............
#.....@................
####.Z.................
#######.............
##.....#.....#
#############


You could see 2 wolf spider simulacra.

Vanquished Creatures
  An acid blob (Slime:1)
  An azure jelly (Lair:5)
  3 quicksilver oozes (Lair:5)
  An entropy weaver (Lair:2)
  The ghost of austinbyrn the Blocker, a journeyman GrFi of Okawaru (D:12)
  A great orb of eyes (Slime:1)
  4 hydras
  Fannar (Lair:3)
  2 catoblepae (Lair:6)
  3 boulder beetles
  A centaur warrior (D:11)
  6 two-headed ogres
  8 death yaks
  A deep troll shaman (Lair:6)
  A deep elf pyromancer (D:7)
  A spectral wolf spider (D:12)
  3 manticores
  An ugly thing (D:11)
  A shining eye (Lair:5)
  2 cyclopes
  Maurice (D:11)
  2 merfolk sirens (Lair:4)
  A spectral centaur (D:12)
  4 black mambas
  5 elephants
  Joseph (D:7)
  A torpor snail (Lair:1)
  An eye of devastation (Slime:1)
  6 cane toads
  A gargoyle (D:7)
  8 komodo dragons
  An unseen horror (D:11)
  7 kobold demonologists
  2 rime drakes
  2 merfolk (Lair:4)
  8 polar bears
  2 jumping spiders
  A troll (D:12)
  A wolf spider simulacrum (D:12)
  A spectral meliai (D:12)
  9 slime creatures
  11 blink frogs
  A meliai zombie (D:11)
  A redback (Lair:2)
  Sigmund (D:5)
  A centaur simulacrum (D:12)
  A wyvern (Lair:5)
  A shadow (D:11)
  A vampire (D:9)
  A wraith (D:12)
  5 basilisks
  37 yaks
  A steam dragon (D:8)
  Grum (D:10)
  A vampire mosquito (D:7)
  Menkaure (D:6)
  An acid dragon (D:11)
  7 water moccasins
  6 orc warriors
  2 ice beasts
  4 sky beasts
  A necrophage (D:8)
  3 ogres
  3 black bears
  22 wolves
  5 centaurs
  A phantom (D:5)
  3 kobold brigands
  2 gnoll sergeants
  9 bullfrogs
  4 scorpions
  A water moccasin skeleton (D:7)
  9 killer bees (D:8)
  5 wights (D:10)
  A bullfrog zombie (D:6)
  An electric eel (D:8)
  4 centaur zombies
  3 jellies
  2 bullfrog skeletons
  2 orc priests
  2 gnoll shamans
  3 hounds
  A scorpion zombie (D:5)
  4 iguanas
  4 orc wizards
  A killer bee zombie (D:7)
  2 hound skeletons (D:4)
  4 howler monkey zombies
  17 gnolls
  12 adders
  2 white imps
  3 ufetubi
  2 worms
  4 dart slugs
  20 orcs
  8 endoplasms
  7 giant cockroaches
  3 goblins
  8 hobgoblins
  8 jackals
  12 kobolds
  4 quokkas
  7 ball pythons
  5 bats
  4 frilled lizards
  6 rats
427 creatures vanquished.

Vanquished Creatures (others)
  4 fungi
  11 plants
15 creatures vanquished.

Grand Total: 442 creatures vanquished

Notes
Turn   | Place    | Note
-------+----------+-------------------------------------------
     0 | D:1      | austinbyrn the Gargoyle Fighter began the quest for the
                  | Orb.
     0 | D:1      | Reached XP level 1. HP: 14/14 MP: 1/1
   316 | D:1      | Found Syonluot's Armour Shoppe.
   415 | D:1      | Reached XP level 2. HP: 19/19 MP: 2/2
   974 | D:1      | Reached XP level 3. HP: 23/23 MP: 3/3
  1370 | D:2      | Reached skill level 4 in Shields
  1651 | D:2      | Reached XP level 4. HP: 29/29 MP: 4/4
  2274 | D:3      | Reached XP level 5. HP: 29/33 MP: 5/5
  2517 | D:3      | Found a faded altar of an unknown god.
  2611 | D:3      | Reached skill level 5 in Shields
  3015 | D:4      | Gained mutation: You possess an exceptional clarity of
                  | mind. [potion of mutation]
  3027 | D:4      | Reached XP level 6. HP: 34/39 MP: 6/6
  3125 | D:4      | Noticed a black bear
  3132 | D:4      | Killed a black bear
  3260 | D:4      | Reached XP level 7. HP: 43/44 MP: 7/7
  3833 | D:4      | Found Moepp's Magic Scroll Shoppe.
  3972 | D:4      | Reached skill level 5 in Maces & Flails
  3972 | D:4      | Reached skill level 6 in Shields
  4017 | D:4      | Reached skill level 5 in Fighting
  4479 | D:5      | Entered Level 5 of the Dungeon
  4652 | D:5      | Found an ornate altar of the Wu Jian Council.
  4709 | D:5      | Found a shimmering altar of Xom.
  4709 | D:5      | Found a shadowy altar of Dithmenos.
  4739 | D:5      | Reached XP level 8. HP: 49/49 MP: 8/8
  4752 | D:5      | Reached skill level 7 in Shields
  4832 | D:5      | Noticed Sigmund
  4855 | D:5      | Killed Sigmund
  5226 | D:5      | Found an iron altar of Okawaru.
  5245 | D:5      | Became a worshipper of Warmaster Okawaru
  5464 | D:5      | Reached skill level 8 in Shields
  5612 | D:5      | Found an ancient bone altar of Kikubaaqudgha.
  5620 | D:5      | Found a white marble altar of Elyvilon.
  6089 | D:6      | Reached XP level 9. HP: 46/55 MP: 6/9
  6271 | D:6      | Found Vautsorot's Armour Shop.
  6272 | D:6      | Found Loud's Weapon Shop.
  6284 | D:6      | Reached * piety under Okawaru
  6295 | D:6      | Found Relamup's Book Shop.
  6296 | D:6      | Found Teimpoi's Weapon Shop.
  6340 | D:6      | Noticed Menkaure
  6351 | D:6      | Killed Menkaure
  6785 | D:6      | Noticed a two-headed ogre
  6799 | D:6      | Killed a two-headed ogre
  6799 | D:6      | Reached ** piety under Okawaru
  6800 | D:6      | Reached skill level 9 in Shields
  6800 | D:6      | Reached skill level 1 in Invocations
  7045 | D:6      | Lost mutation: You possess an exceptional clarity of mind.
                  | [potion of mutation]
  7045 | D:6      | Gained mutation: Your muscles are strong. (Str +2) [potion
                  | of mutation]
  7394 | D:7      | Found a staircase to the Ecumenical Temple.
  7562 | D:7      | Noticed Joseph
  7581 | D:7      | Killed Joseph
  7581 | D:7      | Reached *** piety under Okawaru
  7582 | D:7      | Reached skill level 5 in Armour
  7582 | D:7      | Reached XP level 10. HP: 49/63 MP: 8/11
  7717 | D:7      | Noticed a manticore
  7726 | D:7      | Killed a manticore
  7727 | D:7      | Reached skill level 10 in Shields
  7727 | D:7      | Noticed a deep elf pyromancer
  7736 | D:7      | Killed a deep elf pyromancer
  7736 | D:7      | Reached **** piety under Okawaru
  7736 | D:7      | Noticed a kobold demonologist
  7739 | D:7      | Noticed a manticore
  7742 | D:7      | Noticed a two-headed ogre
  7742 | D:7      | Noticed a cyclops
  7989 | D:7      | Killed a cyclops
  8084 | D:7      | Killed a kobold demonologist
  8107 | D:7      | Killed a manticore
  8343 | D:7      | Noticed a gargoyle
  8356 | D:7      | Killed a gargoyle
  8502 | D:7      | Reached XP level 11. HP: 68/68 MP: 14/14
  8883 | D:6      | Bought a +4 morningstar of venom for 294 gold pieces
  8919 | D:7      | Killed a two-headed ogre
  8920 | D:7      | Reached skill level 10 in Maces & Flails
  8920 | D:7      | Reached skill level 11 in Shields
  9549 | D:8      | Found a staircase to the Lair.
  9712 | D:8      | Reached ***** piety under Okawaru
  9723 | D:8      | Reached skill level 5 in Invocations
 10146 | D:9      | Noticed a two-headed ogre
 10146 | D:9      | Found Dafruutoed's Distillery.
 10152 | D:9      | Killed a two-headed ogre
 10152 | D:9      | Received a gift from Okawaru
 10232 | D:9      | Noticed a two-headed ogre
 10276 | D:9      | Killed a two-headed ogre
 10782 | D:9      | Noticed a soul eater
 10788 | D:9      | Noticed a sixfirhy
 10798 | D:9      | Gained mutation: You are robust. (+10% HP) [a neqoxec]
 10802 | D:9      | Gained mutation: You are strong-willed. (Will+) [a neqoxec]
 11187 | D:10     | Entered Level 10 of the Dungeon
 11471 | D:10     | Noticed a two-headed ogre
 11503 | D:10     | Killed a two-headed ogre
 11504 | D:10     | Reached skill level 12 in Shields
 11793 | Lair:1   | Entered Level 1 of the Lair of Beasts
 11805 | Lair:1   | Reached XP level 12. HP: 83/83 MP: 16/16
 11809 | Lair:1   | Noticed a death yak
 11809 | Lair:1   | Noticed a death yak
 11820 | Lair:1   | Noticed a death yak
 11832 | D:8      | Killed a death yak
 11843 | D:8      | Killed a death yak
 11903 | Lair:1   | Killed a death yak
 12018 | Lair:1   | Found a basalt altar of Yredelemnul.
 12626 | Lair:2   | Noticed a four-headed hydra
 12683 | Lair:2   | Killed a four-headed hydra
 12800 | Lair:2   | Identified the +1 plate armour of Weightlessness {rF+ rN+
                  | Regen+ Str-4} (Okawaru gifted it to you on level 2 of the
                  | Lair of Beasts)
 12800 | Lair:2   | Received a gift from Okawaru
 12916 | Lair:2   | Found a hole to the Spider Nest.
 13036 | Lair:2   | Reached skill level 13 in Shields
 13530 | Lair:2   | Identified the +5 rapier of the Sky {holy, rC+ rN+ Int+2}
 13843 | Lair:3   | Identified a scroll of acquirement
 13843 | Lair:3   | Acquired a +1 helmet of see invisible
 13871 | Lair:3   | Noticed Fannar
 13894 | Lair:3   | Killed Fannar
 13989 | Lair:3   | Reached skill level 10 in Fighting
 13989 | Lair:3   | Reached XP level 13. HP: 89/90 MP: 18/18
 14168 | Lair:3   | You fall into a shaft and drop 2 floors!
 14769 | Lair:3   | Received a gift from Okawaru
 15525 | Lair:4   | Reached ****** piety under Okawaru
 15862 | Lair:4   | Found the +5 scythe "Finisher" {speed, eviscerate}
 15888 | Lair:4   | Found a staircase to the Shoals.
 16429 | Lair:5   | Found a viscous altar of Jiyva.
 16431 | Lair:5   | Found a staircase to the Slime Pits.
 16742 | Lair:6   | Entered Level 6 of the Lair of Beasts
 16898 | Lair:6   | Reached skill level 14 in Shields
 17550 | Lair:6   | Received a gift from Okawaru
 17586 | Lair:6   | Gained mutation: Your large and strong wings let you fly.
                  | [Gargoyle growth]
 17586 | Lair:6   | Reached XP level 14. HP: 51/96 MP: 11/20
 18237 | Slime:1  | Entered Level 1 of the Pits of Slime
 18242 | Slime:1  | Noticed an azure jelly
 18245 | Slime:1  | Noticed a quicksilver ooze
 18261 | Lair:5   | Killed an azure jelly
 18266 | Lair:5   | Killed a quicksilver ooze
 18408 | Slime:1  | Reached skill level 10 in Armour
 18416 | Slime:1  | Noticed a quicksilver ooze
 18422 | Slime:1  | Noticed an acid blob
 18436 | Lair:5   | Killed a quicksilver ooze
 18602 | Slime:1  | Killed an acid blob
 18603 | Slime:1  | Noticed a quicksilver ooze
 18789 | Lair:5   | Killed a quicksilver ooze
 18868 | Lair:5   | Lost mutation: You are robust. (+10% HP) [a shining eye]
 18929 | Slime:1  | Identified the +0 helmet of Vaxialih {Harm Dex+4} (Okawaru
                  | gifted it to you on level 1 of the Pits of Slime)
 18929 | Slime:1  | Received a gift from Okawaru
 19108 | Spider:1 | Entered Level 1 of the Spider Nest
 19153 | Spider:1 | Noticed an entropy weaver
 19187 | Lair:2   | Killed an entropy weaver
 19198 | Lair:2   | Reached skill level 15 in Shields
 19675 | D:10     | Noticed Grum
 19708 | D:10     | Killed Grum
 20157 | D:11     | Found Weisikyge's Magic Scroll Shop.
 20161 | D:11     | Noticed Maurice
 20186 | D:11     | Killed Maurice
 22115 | D:12     | Found a runed translucent gate.
 22116 | D:12     | Found a runed translucent gate.
 22117 | D:12     | Found a runed translucent gate.
 22118 | D:12     | Found the +18 shield of the Gong {rElec rN+ Will+ EV-5}
 22128 | D:12     | Noticed austinbyrn's ghost (journeyman GrFi)
 22244 | D:12     | Found Xeippuet's Assorted Antiques.
 22291 | D:12     | Found a staircase to the Orcish Mines.
 22325 | D:12     | Reached XP level 15. HP: 87/96 MP: 19/22
 22334 | D:12     | Reached skill level 1 in Dodging
 22514 | D:12     | Killed austinbyrn's ghost
 22531 | D:12     | Slain by a wolf spider simulacrum

Illustrated notes

Levels and vault maps discovered:
D:1:      lightli_arrival_statue_moat, layout_loops_ring, serial_shops, shop
D:2:      layout_loops_cross, chequers_serial_rivers_large_a,
          uniq_crazy_yiuf_cottage
D:3:      layout_basic, dreamdust_ecumenical_altar_statues, st_stairs_12,
          minivault_5, dk_noncrumbling_2
D:4:      kennysheep_six_static_rooms, layout_basic, serial_shops, shop_scrolls,
          hex_large
D:5:      layout_basic, mainiacjoe_overflow_paths, lemuel_doored_altar,
          minitemple, jmf_multi_god_temple, moated_statue, uniq_sigmund
D:6:      layout_loops_cross, minmay_shop_grid_forest, uniq_menkaure
D:7:      minmay_the_grid_four_pointed_star
          [minmay_the_grid_triangle_9x9_swiss_cheese,
          minmay_the_grid_triangle_9x9_longest,
          minmay_the_grid_triangle_9x9_stretched_checkered,
          minmay_the_grid_triangle_9x9_sprig,
          minmay_the_grid_prize_four_corners], layout_loops_cross,
          minmay_temple_entry_slanted, amethyst_killhole,
          kennysheep_nondescript, uniq_joseph
D:8:      layout_loops_ring, david_lair_shrubbed, fountainhead,
          minmay_fractal_squares_gapless_5
D:9:      layout_small_grid, serial_shops, nicolae_stop_n_shop_2,
          corexii_corridor_pit
D:10:     layout_layer_cave, serial_park_tiny_1, uniq_grum
D:11:     layout_layer_cave, enter_bailey_8, serial_shops,
          nicolae_stop_n_shop_1, minmay_checkerbox, uniq_maurice
D:12:     layout_rooms, orc_0_dummy, serial_shops, kennysheep_mini,
          gammafunk_ghost_necromancy, drop_trap
Lair:1:   layout_chaotic_city, basic_altar, infiniplex_staircase_pool
Lair:2:   layout_small_grid, spider_nest_entry_webs, beast_lair_carwin_5
Lair:3:   layout_chaotic_city, uniq_fannar
Lair:4:   layout_big_grid, elwin_shoals_entry_stream
Lair:5:   layout_loops_ring, slime_altar_1, lemuel_fruit_fields,
          serial_bayou_shore_a
Lair:6:   grunt_lair_end_beastmaster, layout_cave_pods
Spider:1: layout_chambers
Slime:1:  layout_caves

Skill      XL: |  1  2  3  4  5  6  7  8  9 10 11 12 13 14 15 |
---------------+----------------------------------------------+-----
Shields        | 4 5 6 8 9 10 12 13 14 15 | 15.2
Maces & Flails | 3 4 5 7 8 9 10 12 13 14 | 14.3
Fighting       | 4 5 6 7 8 9 10 11 | 11.9
Armour         | 5 6 7 8 9 10 | 10.7
Invocations    | 2 4 6 7 8 9 |  9.9
Dodging        | 1 |  1.3

Action                   |  1- 3 |  4- 6 |  7- 9 | 10-12 | 13-15 || total
-------------------------+-------+-------+-------+-------+-------++-------
Melee: Flail             |    77 |       |   141 |   118 |       ||   336
       Whip              |    22 |   120 |   126 |       |       ||   268
       Morningstar       |       |       |       |   413 |   772 ||  1185
Throw: Dart              |       |       |    33 |    73 |    14 ||   120
Invok: Heroism           |       |       |     1 |     4 |     2 ||     7
       Finesse           |       |       |       |       |     1 ||     1
Evoke: Wand              |       |       |     2 |    10 |       ||    12
  Use: Scroll            |       |     7 |     3 |     7 |     6 ||    23
       Potion            |       |     2 |     1 |     2 |     2 ||     7
 Stab: Distracted        |       |       |       |     1 |       ||     1
       Petrified         |       |       |       |       |     7 ||     7
Armor: Scale mail        |    52 |    52 |    46 |       |       ||   150
       Ring mail         |       |       |    41 |   276 |   453 ||   770
Dodge: Dodged            |    37 |    23 |    86 |   213 |   485 ||   844
Block: Kite shield       |    41 |    56 |   167 |   415 |   771 ||  1450
